Map: At Eternity's Edge LE

Players

Vaeda (HiGhDrA) - Winner!

  • Race: Protoss Protoss
  • League: Master
  • Spawn Location: 5:00

Cellsidus

  • Race: Zerg Zerg
  • League: Grandmaster
  • Spawn Location: 11:00

Event: HomeStory Cup XXIX

VOD

Have the link to the VOD?

Description

Time

  • Played on: July 4, 2026, 9:03 a.m.
  • Length: 5:44

All games in this series

Show
View Real Time Build Order
Export as new Build Order

Vaeda Protoss - Winner!

Build Orders:  

Get SALT Encoding   

  8  0:00  Probe  
  9  0:13  Probe  
  10  0:25  Probe  
  11  0:31  Pylon  
  11  0:37  Probe  
  12  0:49  Probe (Chrono Boost)  
  13  0:54  Gateway  
  13  0:59  Probe (Chrono Boost)  
  14  1:05  Probe (Chrono Boost)  
  14  1:09  Assimilator  
  15  1:17  Probe (Chrono Boost)  
  16  1:25  Probe (Chrono Boost)  
  17  1:32  Probe  
  18  1:40  Forge  
  18  1:42  Cybernetics Core  
  18  1:48  Zealot  
  21  1:59  Pylon  
  20  2:09  Pylon  
  20  2:13  Photon Cannon  
  19  2:25  Photon Cannon  
  19  2:27  Probe  
  22  2:45  Adept  
  22  2:55  Nexus  
  22  2:58  Shield Battery  
  22  3:01  Probe  
  23  3:10  Shield Battery  
  23  3:13  Probe  
  23  3:15  Assimilator  
  23  3:18  Photon Cannon  
  24  3:20  Stalker (Chrono Boost)  
  26  3:27  Photon Cannon  
  26  3:43  Photon Cannon  
  28  4:01  Stargate  
  26  4:23  Photon Cannon, Probe  
  23  4:25  Shield Battery  
  23  4:26  Pylon  
  23  4:30  Pylon  
  23  4:36  Shield Battery  
  23  4:44  Shield Battery  
  23  4:52  Oracle (Chrono Boost)  
  23  4:57  Probe  
  27  5:12  Gateway  
  25  5:16  Gateway  
  25  5:31  Probe  
Show
View Real Time Build Order
Export as new Build Order

Cellsidus Zerg 

Build Orders: Pool Only 

Get SALT Encoding   

  8  0:00  Drone  
  9  0:10  Drone  
  10  0:17  Drone  
  11  0:22  Drone  
  11  0:24  Extractor  
  11  0:30  Drone  
  12  0:51  Spawning Pool  
  12  0:56  Drone  
  12  1:08  Overlord  
  12  1:39  Metabolic Boost, Zergling x4  
  14  1:52  Roach Warren  
  13  1:56  Zergling x2  
  14  2:05  Overlord  
  14  2:32  Roach x2  
  14  2:35  Roach  
  20  2:43  Zergling x2  
  21  2:52  Ravager  
  21  2:54  Zergling x2  
  21  2:57  Ravager  
  24  3:02  Zergling x2  
  26  3:12  Zergling x2  
  26  3:23  Ravager  
  26  3:24  Zergling x2  
  28  3:40  Overlord  
  28  4:02  Zergling x2  
  28  4:03  Zergling x4  
  27  4:15  Zergling x2  
  23  4:24  Zergling x2  
  18  4:55  Zergling x6  
  17  5:10  Zergling x2  
  14  5:18  Zergling x2  
Tags
 
Add a new tag
Caveats
  • Supply blocks, unpowered buildings, or Contaminate may cause inaccurate times.
  • Supply counts are checked every 10 seconds.